 Dungeon Crawl Stone Soup version 0.31-a0-348-g810772c3d7 (webtiles) character file.

Game seed: 15842077333202609893

101 AdnanSaban the Covered (level 4, -2/29 HPs)
             Began as a Gargoyle Fighter on July 22, 2023.
             Was an Initiate of Okawaru.
             Slain by a goblin
             ... wielding a +0 dagger
             ... led by Robin
              (3 damage)
             ... on level 4 of the Dungeon.
             The game lasted 00:02:15 (1921 turns).

AdnanSaban the Covered (Gargoyle Fighter)           Turns: 1921, Time: 00:02:15

Health: -2/29      AC: 12    Str: 27    XL:     4   Next: 75%
Magic:  4/4        EV: 10    Int: 12    God:    Okawaru [......]
Gold:   132        SH:  4    Dex:  9    Spells: 3/3 levels left

rFire   . . .        a - +0 flail
rCold   . . .        c - +0 buckler
rNeg    + . .        b - +0 scale mail
rPois   ∞            h - +2 hat {Int+3}
rElec   +            (no cloak)
rCorr   .            (no gloves)
SInv    .            (no boots)
Will    .....        (no amulet) Stlth
                     o - +6 ring of strength
HPRegen 0.24/turn    p - +4 ring of slaying
MPRegen 0.09/turn

%: no passive effects
@: no status effects
A: sickness immunity, AC +3, negative energy resistance 1, electricity
resistance, torment resistance 1, petrification resistance
a: Renounce Religion


You were on level 4 of the Dungeon.
You worshipped Okawaru.
Okawaru was noncommittal.
You visited 1 branch of the dungeon, and saw 4 of its levels.

You collected 132 gold pieces.

Inventory:

Hand Weapons
 a - a +0 flail (weapon)
Armour
 b - a +0 scale mail (worn)
 c - a +0 buckler (worn)
 h - a +2 hat of intelligence (worn)
Jewellery
 o - a +6 ring of strength (left hand)
 p - a +4 ring of slaying (right hand)
Scrolls
 g - a scroll of teleportation {unknown}
 i - a scroll of poison {unknown}
 j - 2 scrolls of fog {unknown}
 k - 2 scrolls of vulnerability {unknown}
 l - 2 scrolls of identify {unknown}
 m - a scroll of torment {unknown}
Potions
 d - 2 potions of might
 e - a potion of curing {unknown}
 f - a potion of ambrosia {unknown}
 n - a potion of heal wounds {unknown}


   Skills:
 + Level 3.9 Fighting
 + Level 2.9 Maces & Flails
 + Level 4.3 Armour
 + Level 0.4 Dodging
 + Level 3.8 Shields


You had 3 spell levels left.
You didn't know any spells.
Your spell library contained the following spells:

 Spells                   Type           Power      Damage    Failure   Level
 Ensorcelled Hibernation  Hex/Ice        0%         N/A       77%         2
 Lesser Beckoning         Tloc           0%         N/A       77%         2
 Passwall                 Tmut/Erth      0%         N/A       77%         2
 Gell's Gravitas          Tloc           0%         N/A       94%         3
 Swiftness                Air            0%         N/A       94%         3
 Teleport Other           Tloc           0%         N/A       94%         3


Dungeon Overview and Level Annotations

Branches:
Dungeon (4/15)
 Temple: D:4-7

Altars:
Makhleb
Okawaru

Shops:
D:2 !


Innate Abilities, Weirdness & Mutations

You are immune to sickness and miasma.
Your stone body is resilient. (AC +3)
You are immune to poison.
You resist negative energy. (rN+)
You are resistant to electric shocks. (rElec)
You are resistant to unholy torment.
You are immune to petrification.


Message History

You kill the goblin!
Okawaru accepts your kill. The goblin hits you but does no damage.
The hobgoblin hits you.
* * * LOW HITPOINT WARNING * * *
You block the goblin's attack. The goblin attacks as you move away!
The goblin barely misses you. The goblin hits you but does no damage.
You see here a +0 dagger.
You sock the goblin!
You kill the goblin!
Okawaru accepts your kill. The goblin closely misses you.
You block the hobgoblin's attack.
You barely miss the goblin.
The hobgoblin hits you but does no damage.
The goblin hits you with a +0 club.
* * * LOW HITPOINT WARNING * * *
You sock the goblin!
You kill the goblin!
Okawaru accepts your kill.
The hobgoblin no longer looks unusually strong.
The hobgoblin barely misses you.
Robin roars a battlecry!
The hobgoblin goes into a battle-frenzy!
You thump the hobgoblin!
You kill the hobgoblin!
Okawaru accepts your kill.
You sock Robin!
Robin is almost dead.
Robin throws the goblin at you! The goblin hits you but does no damage.
Robin hits you but does no damage. The goblin hits you with a +0 dagger.
* * * LOW HITPOINT WARNING * * *
You hit Robin.
You kill Robin!
Okawaru accepts your kill. The goblin hits you with a +0 dagger.
* * * LOW HITPOINT WARNING * * *
The hobgoblin hits you but does no damage.
Okay, then.
You barely miss the goblin. The goblin hits you with a +0 dagger.
You die...

... ... ....
.### ##...# .#.
.#...# #...
.$..# ## ..#
###g...#
#.###.###)@..#
#....##)g####
#....).##
##...### ##..##
##..g##
##.gg..##
#..)..g.###..
#..#..)........


You could see a hobgoblin (strong) and a goblin (strong).

Vanquished Creatures
  Robin (D:4)
  An adder (D:2)
  2 dart slugs
  An orc (D:3)
  2 ball pythons (D:1)
  A bat (D:3)
  8 endoplasms
  5 giant cockroaches
  17 goblins
  9 hobgoblins
  2 quokkas
  7 frilled lizards
  4 kobolds
  7 rats
67 creatures vanquished.

Notes
Turn   | Place    | Note
-------+----------+-------------------------------------------
     0 | D:1      | AdnanSaban the Gargoyle Fighter began the quest for the
                  | Orb.
     0 | D:1      | Reached XP level 1. HP: 14/14 MP: 1/1
    57 | D:1      | Reached XP level 2. HP: 17/19 MP: 2/2
   815 | D:2      | Reached XP level 3. HP: 20/24 MP: 3/3
   841 | D:2      | Reached skill level 4 in Armour
   964 | D:2      | Found Ijuhaxad's Distillery.
  1399 | D:3      | Found a burning altar of Makhleb.
  1403 | D:3      | Reached XP level 4. HP: 29/29 MP: 4/4
  1520 | D:3      | Found an iron altar of Okawaru.
  1532 | D:3      | Became a worshipper of Warmaster Okawaru
  1889 | D:4      | Noticed Robin
  1920 | D:4      | Killed Robin
  1920 | D:4      | HP: 1/29 [goblin/+0 dagger[Robin] (2)]
  1921 | D:4      | Slain by a goblin

Illustrated notes

Levels and vault maps discovered:
D:1:      minmay_arrival_up_and_down, layout_loops_ring
D:2:      layout_loops_ring, serial_shops, nicolae_shop_hallway_plus,
          st_stairs_2
D:3:      layout_rooms, bloody_makhleb, nicolae_overflow_crystal_walls
D:4:      layout_layer_cave, uniq_robin, uniq_sigmund, uniq_blork_the_orc

Skill      XL: |  1  2  3 |
---------------+----------+-----
Armour         | 4 |  4.3
Fighting       | |  3.9
Maces & Flails | |  2.9
Dodging        | |  0.4
Shields        | |  3.8

Action                     |  1- 3 |  4- 6 || total
---------------------------+-------+-------++-------
  Melee: Flail             |   125 |    53 ||   178
 Armour: Scale mail        |    67 |    53 ||   120
  Dodge: Dodged            |    55 |    32 ||    87
  Block: Buckler           |    23 |    21 ||    44

Table legend: (Time is in decaauts)
 A = Elapsed time spent in this place.
 B = Non-inter-level travel time spent in this place.
 C = Inter-level travel time spent in this place.
 D = Time resting spent in this place.
 E = Time spent auto-exploring this place.
 F = Levels seen in this place.
 G = Mean time per level.
                   A        B        C        D        E       F      G
               +--------+--------+--------+--------+--------+-----+--------+
         Total |   1975 |   1884 |     91 |      0 |   1469 |   4 |  493.8 |
       Dungeon |   1975 |   1884 |     91 |      0 |   1469 |   4 |  493.8 |
               +--------+--------+--------+--------+--------+-----+--------+

Top non-repeatable levels by time:
     D:2: 694 daAuts
     D:1: 682 daAuts
     D:3: 556 daAuts
     D:4: 42 daAuts
